 Dungeon Crawl Stone Soup version 0.26-a0-812-g31a745ddcd (webtiles) character file.

Game seed: 11764322715717973825

8028 Borgoz the Cruncher (level 11, -12/68 HPs)
             Began as a Gargoyle Gladiator on Dec 7, 2020.
             Was a High Priest of Dithmenos.
             Killed from afar by an ice statue (24 damage)
             ... with a shard of ice
             ... in an ice cave.
             The game lasted 00:21:34 (9834 turns).

Borgoz the Cruncher (Gargoyle Gladiator)            Turns: 9834, Time: 00:21:34

Health: -12/68     AC: 19    Str: 18    XL:     11   Next: 24%
Magic:  11/11      EV: 16    Int: 10    God:    Dithmenos [*****.]
Gold:   736        SH:  0    Dex: 19    Spells: 10/10 levels left

rFire    . . .     SeeInvis .   a - +1 quarterstaff
rCold    . . .     Faith    +   (shield currently unavailable)
rNeg     + . .     Spirit   .   h - +0 scale mail
rPois    ∞         Reflect  .   y - +2 hat
rElec    +         Harm     .   f - +0 cloak
rCorr    +         Rampage  .   (no gloves)
MR       .....                  (no boots)
Stlth    ..........             m - amulet of faith
HPRegen  0.21/turn              o - ring of resist corrosion
MPRegen  0.12/turn              b - +6 ring of dexterity

@: wreathed by umbra
A: negative energy resistance 1, electricity resistance, unbreathing,
petrification resistance, rot immunity, AC +8
a: Shadow Step, Shadow Form, Renounce Religion


You were in an ice cave.
You worshipped Dithmenos.
Dithmenos was extremely pleased with you.
You visited 3 branches of the dungeon, and saw 12 of its levels.
You also visited: Ice Cave.

You collected 779 gold pieces.
You spent 43 gold pieces at shops.

Inventory:

Hand Weapons
 a - a +1 quarterstaff (weapon)
Missiles
 d - a throwing net (quivered)
Armour
 f - a +0 cloak (worn)
 h - a +0 scale mail (worn)
 x - the +0 ring mail "Kuppuczyuxt" {rF- Int+4 Dex+5 Stlth+}
   (You took it off an orc on level 3 of the Dungeon)

   It affects your intelligence (+4).
   It affects your dexterity (+5).
   It makes you vulnerable to fire.
   It makes you more stealthy.
 y - a +2 hat (worn)
Jewellery
 b - a +6 ring of dexterity (right hand)
 m - an amulet of faith (around neck)
 o - a ring of resist corrosion (left hand)
 C - a cursed amulet of inaccuracy {unknown}
Wands
 c - a wand of paralysis (9)
 e - a wand of random effects (31)
 l - a wand of iceblast (27)
 w - a wand of flame (38)
 A - a wand of enslavement (11)
Scrolls
 j - a scroll of teleportation
 s - 3 scrolls of amnesia
 t - 2 scrolls of magic mapping
 v - 9 scrolls of remove curse
 B - a scroll of enchant armour {unknown}
Potions
 g - 3 potions of flight
 i - 3 potions of curing
 k - 3 potions of brilliance
 p - 2 potions of mutation
 r - a potion of berserk rage
 u - 2 potions of haste
 z - a potion of might {unknown}


   Skills:
 + Level 7.9 Fighting
 * Level 10.3 Staves
 - Level 1.7 Throwing
 + Level 7.5 Armour
 * Level 8.8 Dodging


You had 10 spell levels left.
You didn't know any spells.
Your spell library contained the following spells:

 Spells                   Type           Power        Failure   Level
 Corona                   Hex            #......      71%         1
 Slow                     Hex            #.......     85%         2
 Inner Flame              Hex/Fire       #.......     97%         3
 Portal Projectile        Hex/Tloc       #.....       97%         3
 Cause Fear               Hex            #.........   100%        4
 Leda's Liquefaction      Hex/Erth       #.........   100%        4


Dungeon Overview and Level Annotations

Branches:
Dungeon (9/15)             Temple (1/1) D:5             Orc (2/2) D:9
  IceCv (1/1)
   Lair: D:8-11         Elf: Orc:2

Altars:
Ashenzari
Cheibriados
Dithmenos
Elyvilon
Fedhas
Gozag
Hepliaklqana
Kikubaaqudgha
Makhleb
Nemelex Xobeh
Okawaru
Qazlal
Ru
Sif Muna
Trog
Uskayaw
Vehumet
Wu Jian
Xom
Yredelemnul
Zin
The Shining One
Beogh

Shops:
D:9 *(

Annotations:
IceCv 1 transporter, exclusion: 2 ice statues


Innate Abilities, Weirdness & Mutations

You are resistant to torment.
Your stone body is resilient. (AC +8)
You are immune to poison.
You resist negative energy. (rN+)
You are resistant to electric shocks. (rElec)
You can survive without breathing.
You are immune to petrification.
You are immune to rotting.


Message History

The shard of ice hits you!!
You emit a cloud of dark smoke.
Marking area around 2 ice statues as unsafe for travelling.
Found 16 arrows and a scroll of remove curse.
Found a transporter.
The white ugly thing trunk-slaps you but does no damage.
The ice statue gestures.
The ice statue gestures.
The ice statue glitters chillingly in the dim dungeon light.
The ice statue gestures at you. The bolt of cold hits you!!
Ouch! That really hurt!
* * * LOW HITPOINT WARNING * * *
You emit a cloud of dark smoke.
The ice statue gestures.
The white ugly thing closely misses you.
Okay, then.
You feel better. The ice statue gestures at you. The shard of ice hits you!!
You die...

#####
####...###
##........##
##..........#
##.......Y...#
#.......8§.8.#
#......§u@(.?#
#.∩.§§§§.Y.)©#
#...§§.§..(.(#
#....§§.8..8.#
##..§§§.§....#
##...§§..Y..#
##........##
####...###
#####


You could see 2 ice statues, a white ugly thing and 3 ice beasts.

Vanquished Creatures
  A two-headed ogre (D:8)
  An ugly thing (IceCv)
  An orc sorcerer (Orc:1)
  Sigmund (D:5)
  Edmund (D:6)
  A warg (Orc:1)
  7 orc warriors
  7 ice beasts
  2 sky beasts
  The ghost of emiel the Covered, an amateur NaWn (D:3)
  2 black bears
  A necrophage (D:7)
  2 ogres
  6 phantoms
  2 centaurs
  Blork the orc (D:5)
  4 bullfrogs
  4 scorpions
  A water moccasin skeleton (D:7)
  14 killer bees
  15 wights
  3 electric eels (D:9)
  3 howler monkeys
  A crimson imp (D:8)
  2 quasits
  2 jellies
  3 hounds
  2 centaur skeletons
  8 orc priests
  Crazy Yiuf (D:5)
  An iron imp (D:7)
  An iguana (D:5)
  Ijyb (D:5)
  A bullfrog skeleton (D:9)
  6 orc wizards
  10 worker ants
  2 hound skeletons
  A hound zombie (D:7)
  3 gnolls (D:4)
  17 adders
  2 shadow imps
  6 white imps
  4 ufetubi
  3 oozes (D:2)
  2 worms
  5 dart slugs
  7 leopard geckos
  46 orcs
  A ball python (D:3)
  5 giant cockroaches
  8 goblins
  12 hobgoblins
  8 jackals
  7 quokkas
  10 bats
  4 frilled lizards
  A goblin skeleton (D:6)
  A goblin zombie (D:6)
  A hobgoblin zombie (D:6)
  A jackal zombie (D:5)
  10 kobolds
  A kobold zombie (D:6)
  A leopard gecko skeleton (D:4)
  An orc skeleton (D:6)
  A quokka skeleton (D:5)
  7 rats
  2 bushes (D:2)
300 creatures vanquished.

Vanquished Creatures (others)
  An orc (Orc:1)
  A plant (D:2)
  9 withered plants (D:3)
11 creatures vanquished.

Grand Total: 311 creatures vanquished

Notes
Turn   | Place    | Note
-------+----------+-------------------------------------------
     0 | D:1      | Borgoz the Gargoyle Gladiator began the quest for the Orb.
     0 | D:1      | Reached XP level 1. HP: 12/12 MP: 1/1
   202 | D:1      | Reached XP level 2. HP: 17/17 MP: 2/2
   482 | D:1      | Reached XP level 3. HP: 17/22 MP: 3/3
   793 | D:2      | Reached skill level 1 in Armour
  1016 | D:2      | Reached XP level 4. HP: 27/27 MP: 4/4
  1124 | D:2      | Found a stormy altar of Qazlal.
  1764 | D:3      | Reached XP level 5. HP: 24/32 MP: 5/5
  1767 | D:3      | Reached skill level 4 in Staves
  1895 | D:3      | Found a transporter.
  1895 | D:3      | Found a hazy altar of Hepliaklqana.
  1895 | D:3      | Noticed a phantom
  1931 | D:3      | Found an ancient bone altar of Kikubaaqudgha.
  2116 | D:3      | Found a runed translucent gate.
  2116 | D:3      | Found a runed translucent gate.
  2116 | D:3      | Found a runed translucent gate.
  2127 | D:3      | Noticed emiel's ghost (amateur NaWn)
  2144 | D:3      | Found a roughly hewn altar of Beogh.
  2610 | D:3      | Found a transporter.
  2693 | D:3      | Identified the +0 ring mail "Kuppuczyuxt" {rF- Int+4 Dex+5
                  | Stlth+}
  2861 | D:4      | Noticed a phantom
  2886 | D:4      | Reached XP level 6. HP: 36/37 MP: 6/6
  2950 | D:4      | Killed a phantom
  3225 | D:4      | Reached skill level 5 in Staves
  3225 | D:4      | Reached XP level 7. HP: 41/42 MP: 7/7
  3495 | D:4      | Reached XP level 8. HP: 23/48 MP: 8/8
  3902 | D:5      | Entered Level 5 of the Dungeon
  3903 | D:5      | Noticed Blork the orc
  3918 | D:5      | Killed Blork the orc
  3918 | D:5      | Reached skill level 6 in Staves
  3918 | D:5      | Reached skill level 5 in Dodging
  4012 | D:5      | Noticed Sigmund
  4023 | D:5      | Killed Sigmund
  4047 | D:5      | Noticed Ijyb
  4058 | D:5      | Killed Ijyb
  4190 | D:5      | Found a staircase to the Ecumenical Temple.
  4233 | Temple   | Entered the Ecumenical Temple
  4344 | Temple   | Became a worshipper of Dithmenos the Shadowed
  4402 | D:5      | Found an opulent altar of Gozag.
  4460 | D:5      | Found a runed translucent door.
  4461 | D:5      | Noticed Crazy Yiuf
  4469 | D:5      | Killed Crazy Yiuf
  4884 | D:6      | Reached skill level 5 in Fighting
  5003 | D:6      | Noticed Edmund
  5021 | D:6      | Killed Edmund
  5021 | D:6      | Reached skill level 7 in Staves
  5027 | D:6      | Reached XP level 9. HP: 32/54 MP: 9/9
  5390 | D:6      | Reached skill level 5 in Armour
  5565 | D:6      | Reached * piety under Dithmenos
  5568 | D:6      | Found a glowing golden altar of the Shining One.
  6289 | D:7      | Reached skill level 8 in Staves
  6392 | D:7      | Reached ** piety under Dithmenos
  6518 | D:7      | Found a snail-covered altar of Cheibriados.
  6806 | D:8      | Reached XP level 10. HP: 55/61 MP: 10/10
  6892 | D:8      | Noticed a two-headed ogre
  6899 | D:8      | Killed a two-headed ogre
  6899 | D:8      | Reached skill level 9 in Staves
  7400 | D:8      | Found a burning altar of Makhleb.
  7400 | D:8      | Found a shimmering altar of Xom.
  7486 | D:8      | Found a hide-covered altar of Uskayaw.
  7683 | D:8      | Reached *** piety under Dithmenos
  8040 | D:3      | Killed emiel's ghost
  8320 | D:9      | Found Adwuela's Weapon Shoppe.
  8485 | D:9      | Found Sousch's Assorted Antiques.
  8490 | D:9      | Bought a scroll labelled FEACEL EHUCAETHI for 23 gold
                  | pieces
  8490 | D:9      | Bought a cyan potion for 20 gold pieces
  8550 | D:9      | Reached **** piety under Dithmenos
  8583 | D:9      | Found an iron altar of Okawaru.
  9146 | D:9      | Found a staircase to the Orcish Mines.
  9415 | Orc:1    | Entered Level 1 of the Orcish Mines
  9415 | Orc:1    | Noticed an orc sorcerer
  9418 | Orc:1    | Killed an orc sorcerer
  9418 | Orc:1    | Reached skill level 10 in Staves
  9418 | Orc:1    | Reached XP level 11. HP: 68/68 MP: 11/11
  9442 | Orc:2    | Entered Level 2 of the Orcish Mines
  9465 | Orc:1    | Found a frozen archway.
  9483 | Orc:1    | Noticed an orc knight
  9485 | Orc:1    | Noticed an orc high priest
  9498 | IceCv    | Entered an ice cave
  9498 | IceCv    | Noticed a white ugly thing
  9504 | IceCv    | Found a transporter.
  9506 | IceCv    | Reached ***** piety under Dithmenos
  9514 | IceCv    | Killed a white ugly thing
  9828 | IceCv    | Noticed a white ugly thing
  9829 | IceCv    | Found a transporter.
  9834 | IceCv    | Killed from afar by an ice statue

Illustrated notes

Levels and vault maps discovered:
D:1:      minmay_arrival_four_loops, layout_basic
D:2:      minmay_kobold_bridge, layout_basic, grunt_qazlal_sundering,
          serial_forest, infiniplex_forest_end_3, infiniplex_forest_zigzag_2,
          infiniplex_forest_3_way, infiniplex_forest_join,
          infiniplex_forest_clump_cross
D:3:      layout_basic, kiku_gazebo_garden_becter,
          gammafunk_temple_overflow_arena, biasface_ghost_orc_armoury
D:4:      layout_basic
D:5:      layout_rooms, grunt_gozag_statues, minmay_temple_entry_slanted,
          uniq_sigmund, uniq_crazy_yiuf_cottage, uniq_ijyb, uniq_blork_the_orc
D:6:      layout_basic, nicolae_tso_besieged_by_evil, uniq_edmund
D:7:      layout_cave_pools, slow_altar_1
D:8:      minmay_general_purpose_star, layout_cave_pools,
          grunt_temple_overflow_champion_of_chaos,
          eat_drink_and_be_merry_uskayaw
D:9:      layout_basic, okawaru_metal_pillars_1_2, erik_orc_2, serial_shops,
          shop, shop_fountains
Temple:   dshaligram_water_room_temple
Orc:1:    layout_diamond_mine, portal_ice_cave_entry_imps, serial_shops,
          nicolae_shop_trees, sword_in_stone
Orc:2:    st_orc_congregation, layout_diamond_mine, uniq_jorgrun, uniq_azrael
IceCv:    ice_cave_statue_garden_transporter

Skill      XL: |  1  2  3  4  5  6  7  8  9 10 |
---------------+-------------------------------+-----
Armour         | 1 2 3 4 6 7 |  7.5
Dodging        | 3 4 5 7 8 |  8.8
Fighting       | 3 4 5 6 7 |  7.9
Staves         | 4 5 7 8 10 | 10.3
Throwing       | |  1.7

Action                   |  1- 3 |  4- 6 |  7- 9 | 10-12 || total
-------------------------+-------+-------+-------+-------++-------
Melee: Quarterstaff      |   111 |   451 |   468 |   435 ||  1465
       Dire flail        |       |       |    31 |       ||    31
Throw: Throwing net      |       |       |     1 |     3 ||     4
Evoke: Wand              |       |       |     3 |    20 ||    23
  Use: Scroll            |       |     9 |     7 |     6 ||    22
       Potion            |       |     3 |       |     5 ||     8
 Stab: Held in net/web   |       |       |       |     1 ||     1
Armor: Ring mail         |    37 |   159 |    29 |       ||   225
       Scale mail        |       |       |   191 |   178 ||   369
Dodge: Dodged            |    78 |   227 |   334 |   438 ||  1077

Table legend: (Time is in decaauts)
 A = Elapsed time spent in this place.
 B = Non-inter-level travel time spent in this place.
 C = Inter-level travel time spent in this place.
 D = Time resting spent in this place.
 E = Time spent auto-exploring this place.
 F = Levels seen in this place.
 G = Mean time per level.
                   A        B        C        D        E       F      G
               +--------+--------+--------+--------+--------+-----+--------+
         Total |   9806 |   9339 |    467 |   2212 |   4484 |  13 |  754.3 |
       Dungeon |   9260 |   8813 |    447 |   1937 |   4377 |   9 | 1028.9 |
        Temple |    131 |    111 |     20 |      0 |    107 |   1 |  131.0 |
  Orcish Mines |     72 |     72 |      0 |      0 |      0 |   2 |   36.0 |
      Ice Cave |    342 |    342 |      0 |    275 |      0 |   1 |  342.0 |
               +--------+--------+--------+--------+--------+-----+--------+

Top non-repeatable levels by time:
     D:3: 1342 daAuts
     D:6: 1280 daAuts
     D:4: 1218 daAuts
     D:8: 1158 daAuts
     D:9: 1155 daAuts
     D:2: 877 daAuts
     D:5: 809 daAuts
     D:1: 799 daAuts
     D:7: 618 daAuts
   IceCv: 342 daAuts
  Temple: 131 daAuts
   Orc:1: 70 daAuts
   Orc:2: 1 daAuts
